 Dungeon Crawl Stone Soup version 0.20.1-1-g8b1a95d (webtiles) character file.

176 gobwax the Digger (level 5, -1/28 HPs)
             Began as a Gargoyle Earth Elementalist on July 21, 2017.
             Slain by a slave (5 damage)
             ... led by Pikel
             ... on level 4 of the Dungeon.
             The game lasted 00:06:31 (2976 turns).

gobwax the Digger (Gargoyle Earth Elementalist)     Turns: 2976, Time: 00:06:33

Health: -1/28      AC:  6    Str: 11    XL:     5   Next: 56%
Magic:  1/9        EV: 12    Int: 17    God:
Gold:   115        SH:  0    Dex: 10    Spells: 6/10 levels left

rFire    . . .     SeeInvis +   (no weapon)
rCold    . . .     Gourm    .   (no shield)
rNeg     + . .     Faith    .   c - +0 robe
rPois    ∞         Spirit   .   (no helmet)
rElec    +         Reflect  .   (no cloak)
rCorr    .         Harm     .   (no gloves)
MR       .....                  (no boots)
Stlth    ++........             o - amulet of regeneration
Regen    0.5/turn               a - ring of see invisible
MPRegen  0.2/turn               (no ring)

@: no status effects
A: negative energy resistance 1, electricity resistance, unbreathing,
petrification resistance, rot immunity, AC +4
a: no special abilities


You were on level 4 of the Dungeon.
You were not hungry.

You visited 1 branch of the dungeon, and saw 4 of its levels.

You collected 115 gold pieces.

Inventory:

Missiles
 b - 68 stones (quivered)
Armour
 c - a +0 robe (worn)
Jewellery
 a - a ring of see invisible (left hand)
 o - an amulet of regeneration (around neck)
Scrolls
 h - a scroll of enchant weapon {unknown}
 i - 2 scrolls of remove curse {unknown}
 j - a scroll of teleportation {unknown}
 k - a scroll of fear {unknown}
 m - a scroll of enchant armour {unknown}
 p - a scroll of noise {unknown}
Potions
 g - a potion of agility
 l - 2 potions of brilliance {unknown}
 n - a potion of ambrosia {unknown}
Books
 e - a book of Geomancy

   Spells                             Type                      Level
   a - Sandblast                      Earth                        1
   b - Passwall                       Transmutation/Earth          2
   c - Stone Arrow                    Conjuration/Earth            3
   d - Petrify                        Transmutation/Earth          4
   e - Lee's Rapid Deconstruction     Earth                        5
Comestibles
 d - 4 bread rations


   Skills:
 - Level 1.5 Dodging
 - Level 2.1 Stealth
 + Level 3.2 Spellcasting
 * Level 1.2 Conjurations
   Level 0.7 Transmutations
 + Level 6.1 Earth Magic


You had 6 spell levels left.
You knew the following spells:

 Your Spells              Type           Power        Failure   Level  Hunger
a - Sandblast             Erth           ###...       1%          1    None
b - Stone Arrow           Conj/Erth      ###...       11%         3    ###....


Dungeon Overview and Level Annotations

Branches:
Dungeon (4/15)
 Temple: D:4-7

Altars:

Annotations:
D:4 Ijyb, Pikel


Innate Abilities, Weirdness & Mutations

You are resistant to torment.
Your stone body is resilient. (AC +4)
You are immune to poison.
You resist negative energy. (rN+)
You are resistant to electric shocks. (rElec)
You can survive without breathing.
You are immune to petrification.
You are immune to rotting.


Message History

Aiming: Sandblast
Press: ? - help, Shift-Dir - straight line, f/p - Pikel
Aim: Pikel, wielding a whip of flaming and wearing a robe (severely wounded)
The blast of sand hits Pikel.
Pikel is almost dead.
b - 69 stones Pikel barely misses you.
The slave hits you but does no damage. The slave misses you.
Casting: Sandblast
Confirm with . or Enter, or press ? or * to list all spells.
Aiming: Sandblast
Press: ? - help, Shift-Dir - straight line, f/p - Pikel
Aim: Pikel, wielding a whip of flaming and wearing a robe (severely wounded)
The blast of sand hits Pikel.
Pikel is severely wounded.
b - 68 stones Pikel barely misses you.
The slave hits you.
* * * LOW HITPOINT WARNING * * *
The slave hits you.
You die...

#..# #.# ####.# #..#
#.# #.# #..# #.# #.#
#..# #.# #.# #..#
#.# #..
#..########.#######
###
#...p.p...p........
##.#######p########
#........p@Kpg..#
######.....###......
#.....# .....
#.....# p.K. #.....#
... #.....# ..
#.....# . #.....#


You could see Pikel, 4 slaves and Ijyb.

Vanquished Creatures
  The ghost of Terandir the Conjurer, an amateur DECj (D:3)
  A bullfrog skeleton (D:4)
  2 adders
  An ooze (D:1)
  2 dart slugs
  3 leopard geckos
  7 bats
  5 giant cockroaches
  6 goblins
  4 hobgoblins
  2 jackals (D:2)
  3 kobolds
  2 quokkas
  3 ball pythons
  4 frilled lizards
  6 rats
52 creatures vanquished.

Notes
Turn   | Place    | Note
-------+----------+-------------------------------------------
     0 | D:1      | gobwax the Gargoyle Earth Elementalist began the quest for the Orb.
     0 | D:1      | Reached XP level 1. HP: 10/10 MP: 3/3
    69 | D:1      | Reached skill level 4 in Earth Magic
    94 | D:1      | Reached XP level 2. HP: 14/15 MP: 0/5
   402 | D:1      | You fall through a shaft!
   993 | D:2      | Reached skill level 5 in Earth Magic
   993 | D:2      | Reached XP level 3. HP: 9/19 MP: 4/6
  1422 | D:2      | Learned a level 3 spell: Stone Arrow
  1685 | D:3      | Reached XP level 4. HP: 5/24 MP: 2/7
  1944 | D:3      | Noticed Terandir's ghost (amateur DECj)
  2104 | D:3      | Killed Terandir's ghost
  2104 | D:3      | Reached skill level 1 in Conjurations
  2104 | D:3      | Reached XP level 5. HP: 28/28 MP: 3/9
  2826 | D:4      | Reached skill level 6 in Earth Magic
  2940 | D:4      | Noticed a slave
  2945 | D:4      | Noticed a slave
  2945 | D:4      | Noticed a slave
  2946 | D:4      | Noticed Pikel
  2971 | D:4      | Noticed a slave
  2974 | D:4      | Noticed Ijyb
  2976 | D:4      | Slain by a slave

Skill      XL: |  1  2  3  4  5 |
---------------+----------------+-----
Earth Magic    | 4 5 6 |  6.1
Spellcasting   | 3 |  3.2
Conjurations   | 1 |  1.2
Dodging        | |  1.5
Stealth        | |  2.1
Transmutations | |  0.7

Action                   |  1- 3 |  4- 6 || total
-------------------------+-------+-------++-------
Melee: Unarmed           |   208 |   121 ||   329
 Cast: Sandblast         |    19 |    18 ||    37
       Stone Arrow       |       |     2 ||     2
  Use: Scroll            |     2 |     2 ||     4
 Stab: Sleeping          |     2 |     5 ||     7
       Distracted        |     1 |       ||     1
  Eat: Chunk             |     3 |     3 ||     6
       Bread ration      |       |     1 ||     1
Armor: Robe              |    96 |    51 ||   147
Dodge: Dodged            |   177 |    96 ||   273
